HSSL
TACOMA HS TORCHMEN @ OKLAHOMA CITY HS MAGICIANS
05/07/2027
 
TOP OF THE 1ST
Tacoma HS Torchmen batting - Pitching for Oklahoma City HS Magicians : RHP Gary Wilder
Pitching: RHP Gary Wilder
Batting: RHB Cristián Ortega 0-0: Swinging Strike
0-1: Ball
1-1: Ball
2-1: Ball
3-1: Base on Balls
Batting: RHB Dave MacGruder 0-0: Ball
1-0: Ball
2-0: Called Strike
2-1: Foul Ball, location: 2F
2-2: Ball
3-2: Base on Balls
Cristián Ortega to second
Batting: RHB Ray Bray 0-0: Called Strike
0-1: Ball
1-1: Ball
2-1: Ball
3-1: Base on Balls
Cristián Ortega to third
Dave MacGruder to second
Batting: RHB Millard Ferguson 0-0: Called Strike
0-1: Ball
1-1: Ball
2-1: Foul Ball, location: 2F
2-2: Foul Ball, location: 2F
2-2: Ball
3-2: Foul Ball, location: 2F
3-2: Foul Ball, location: 2F
3-2: Grounds into fielders choice 1-2 (Groundball, 13)
Dave MacGruder to third
Ray Bray to second
Batting: RHB Edison Jones 0-0: Ball
1-0: Called Strike
1-1: Foul Ball, location: 2F
1-2: Strikes out swinging
Batting: RHB Steve Gómez 0-0: Ball
1-0: Swinging Strike
1-1: Ball
2-1: Ball
3-1: Foul Ball, location: 2F
3-2: Base on Balls
Dave MacGruder scores
Ray Bray to third
Millard Ferguson to second
Batting: LHB Terry Ives 0-0: Ball
1-0: Foul Ball, location: 2F
1-1: Ball
2-1: Ball
3-1: GRAND SLAM HOME RUN (Flyball, 8LXD), Distance : 424 ft
Batting: RHB Bill Cross 0-0: Ground out 3-1 (Groundball, 34)
Top of the 1st over - 5 run(s), 1 hit(s), 0 error(s), 0 left on base; Tacoma HS 5 - Oklahoma City HS 0
BOTTOM OF THE 1ST
Oklahoma City HS Magicians batting - Pitching for Tacoma HS Torchmen : RHP Nick Olson
Pitching: RHP Nick Olson
Batting: LHB Fletcher White 0-0: Swinging Strike
0-1: Swinging Strike
0-2: Ball
1-2: Ball
2-2: Foul Ball, location: 2F
2-2: Ball
3-2: Strikes out swinging
Batting: RHB Pat Simms 0-0: Ball
1-0: Ball
2-0: Ball
3-0: Base on Balls
Batting: RHB Darrell Krieger 0-0: Ball
1-0: Called Strike
1-1: Ball
2-1: Ball
3-1: Fly out, F9 (Flyball, 9)
Batting: LHB Geoff May 0-0: Called Strike
0-1: Foul Ball, location: 2F
0-2: SINGLE (Line Drive, 7S)
Pat Simms to second
Batting: RHB Curt O'Brian 0-0: Ball
1-0: Ball
2-0: Foul Ball, location: 2F
2-1: Called Strike
2-2: Ball
3-2: SINGLE (Line Drive, 7S)
Pat Simms to third
Geoff May to second
Pat Simms scores
Geoff May to third
Batting: SHB Lee Oliver 0-0: Ball
Curt O'Brian steals 2nd base
1-0: Ball
2-0: Called Strike
2-1: Foul Ball, location: 2F
2-2: Foul Ball, location: 2F
2-2: Ball
3-2: Fly out, F3 (Line Drive, 34)
Bottom of the 1st over - 1 run(s), 2 hit(s), 0 error(s), 2 left on base; Tacoma HS 5 - Oklahoma City HS 1
TOP OF THE 2ND
Tacoma HS Torchmen batting - Pitching for Oklahoma City HS Magicians : RHP Gary Wilder
Batting: RHB Dexter Wooten 0-0: Ball
1-0: SINGLE (Line Drive, 78S)
Batting: RHB Cristián Ortega 0-0: Called Strike
0-1: Called Strike
0-2: Ball
1-2: Ball
2-2: Ball
3-2: Fielders Choice at 2nd, 1-4 (Groundball, 15S)
Batting: RHB Dave MacGruder 0-0: Ball
1-0: Ball
2-0: Ball
3-0: Base on Balls
Cristián Ortega to second
Batting: RHB Ray Bray 0-0: Ball
1-0: Ball
2-0: Called Strike
Cristián Ortega steals 3rd base
Dave MacGruder to second
2-1: Swinging Strike
2-2: Ball
3-2: Base on Balls
Batting: RHB Millard Ferguson 0-0: Called Strike
0-1: SINGLE (Groundball, 6) (infield hit)
Cristián Ortega scores
Dave MacGruder to third
Ray Bray to second
Pitching: RHP Mike Giles
Batting: RHB Edison Jones 0-0: Called Strike
0-1: Fly out, F7 (Flyball, 7)
Runner from 3rd tags up, SCORES, no throw
Batting: RHB Steve Gómez 0-0: Ball
1-0: Ball
2-0: Ball
3-0: Called Strike
3-1: Foul Ball, location: 2F
3-2: SINGLE (Groundball, 56D)
Ray Bray to third
Millard Ferguson to second
Ray Bray scores
Millard Ferguson to third
Batting: LHB Terry Ives 0-0: Foul Ball, location: 2F
0-1: Fielders Choice at 2nd, 4-6 (Groundball, 4D)
Top of the 2nd over - 3 run(s), 3 hit(s), 0 error(s), 1 left on base; Tacoma HS 8 - Oklahoma City HS 1
BOTTOM OF THE 2ND
Oklahoma City HS Magicians batting - Pitching for Tacoma HS Torchmen : RHP Nick Olson
Batting: RHB Billy Gray 0-0: Foul Ball, location: 2F
0-1: Ball
1-1: Foul Ball, location: 2F
1-2: Foul Ball, location: 2F
1-2: Ball
2-2: Strikes out looking
Batting: RHB Jeffrey Ball 0-0: Ground out 5-3 (Groundball, 56)
Batting: LHB Andrew Chambers 0-0: Ball
1-0: Called Strike
1-1: Ball
2-1: Ball
3-1: Called Strike
3-2: Base on Balls
Batting: LHB Fletcher White 0-0: Called Strike
Throwing error on steal attempt, E2
Andrew Chambers to third
0-1: Ball
1-1: Ball
2-1: Ball
3-1: Base on Balls
Batting: RHB Pat Simms 0-0: Called Strike
0-1: Ball
1-1: Ball
2-1: Foul Ball, location: 2F
2-2: Ball
3-2: Ground out 6-3 (Groundball, 56)
Bottom of the 2nd over - 0 run(s), 0 hit(s), 1 error(s), 2 left on base; Tacoma HS 8 - Oklahoma City HS 1
TOP OF THE 3RD
Tacoma HS Torchmen batting - Pitching for Oklahoma City HS Magicians : RHP Mike Giles
Batting: RHB Bill Cross 0-0: Ball
1-0: Ball
2-0: Ball
3-0: Base on Balls
Batting: RHB Dexter Wooten 0-0: Ball
1-0: Grounds into double play, 5-4-3 (Groundball, 5)
Batting: RHB Cristián Ortega 0-0: Ball
1-0: Called Strike
1-1: Foul Ball, location: 2F
1-2: Strikes out swinging
Top of the 3rd over - 0 run(s), 0 hit(s), 0 error(s), 0 left on base; Tacoma HS 8 - Oklahoma City HS 1
BOTTOM OF THE 3RD
Oklahoma City HS Magicians batting - Pitching for Tacoma HS Torchmen : RHP Nick Olson
Batting: RHB Darrell Krieger 0-0: Ball
1-0: Called Strike
1-1: Ball
2-1: Called Strike
2-2: Strikes out swinging
Batting: LHB Geoff May 0-0: Called Strike
0-1: Swinging Strike
0-2: Ball
1-2: Strikes out swinging
Batting: RHB Curt O'Brian 0-0: Foul Ball, location: 2F
0-1: Ball
1-1: Ground out 5-3 (Groundball, 56S)
Bottom of the 3rd over - 0 run(s), 0 hit(s), 0 error(s), 0 left on base; Tacoma HS 8 - Oklahoma City HS 1
TOP OF THE 4TH
Tacoma HS Torchmen batting - Pitching for Oklahoma City HS Magicians : RHP Mike Giles
Batting: RHB Dave MacGruder 0-0: Foul Ball, location: 2F
0-1: Ball
1-1: Reached on error, E5 (Groundball, 5)
Batting: RHB Ray Bray 0-0: Ball
Dave MacGruder is caught stealing 2nd base
1-0: Foul Ball, location: 2F
1-1: Called Strike
1-2: Fly out, F8 (Flyball, 8RM)
Batting: RHB Millard Ferguson 0-0: Foul Ball, location: 2F
0-1: Fly out, F8 (Flyball, 8LM)
Top of the 4th over - 0 run(s), 0 hit(s), 1 error(s), 0 left on base; Tacoma HS 8 - Oklahoma City HS 1
BOTTOM OF THE 4TH
Oklahoma City HS Magicians batting - Pitching for Tacoma HS Torchmen : RHP Nick Olson
Batting: SHB Lee Oliver 0-0: Called Strike
0-1: Foul Ball, location: 2F
0-2: Ball
1-2: Strikes out swinging
Batting: RHB Billy Gray 0-0: Ball
1-0: Called Strike
1-1: Ball
2-1: Ball
3-1: Base on Balls
Batting: RHB Jeffrey Ball 0-0: Ball
1-0: Ball
2-0: Ball
3-0: Base on Balls
Billy Gray to second
Pitching: RHP Loren Parker
Batting: LHB Andrew Chambers 0-0: Ball
1-0: Called Strike
1-1: Called Strike
1-2: Ball
2-2: Ball
3-2: Foul Ball, location: 2F
3-2: Foul Ball, location: 2F
3-2: 3-RUN HOME RUN (Flyball, 9D), Distance : 349 ft
Batting: LHB Fletcher White 0-0: Ball
1-0: Ball
2-0: Called Strike
2-1: Swinging Strike
2-2: Ball
3-2: Base on Balls
Batting: RHB Pat Simms 0-0: Called Strike
0-1: Called Strike
0-2: Ball
1-2: Ball
2-2: Ball
3-2: Fly out, F9 (Flyball, 89S)
Batting: RHB Darrell Krieger 0-0: Ball
1-0: Ball
2-0: Ground out 4-3 (Groundball, 34)
Bottom of the 4th over - 3 run(s), 1 hit(s), 0 error(s), 1 left on base; Tacoma HS 8 - Oklahoma City HS 4
TOP OF THE 5TH
Tacoma HS Torchmen batting - Pitching for Oklahoma City HS Magicians : RHP Mike Giles
Batting: RHB Edison Jones 0-0: Ground out 6-3 (Groundball, 56)
Batting: RHB Steve Gómez 0-0: Swinging Strike
0-1: Fly out, F8 (Flyball, 8LM)
Batting: LHB Terry Ives 0-0: Swinging Strike
0-1: Foul Ball, location: 2F
0-2: Ball
1-2: SINGLE (Line Drive, 7S)
Batting: RHB Bill Cross 0-0: Ball
1-0: Called Strike
1-1: Ball
2-1: Swinging Strike
2-2: Ball
3-2: Foul Ball, location: 2F
3-2: Foul Ball, location: 2F
3-2: Fly out, F9 (Flyball, 9LSF)
Top of the 5th over - 0 run(s), 1 hit(s), 0 error(s), 1 left on base; Tacoma HS 8 - Oklahoma City HS 4
BOTTOM OF THE 5TH
Oklahoma City HS Magicians batting - Pitching for Tacoma HS Torchmen : RHP Loren Parker
Batting: LHB Geoff May 0-0: Called Strike
0-1: Swinging Strike
0-2: Strikes out swinging
Batting: RHB Curt O'Brian 0-0: Foul Ball, location: 2F
0-1: Foul Ball, location: 2F
0-2: Ball
1-2: Foul Ball, location: 2F
1-2: Foul Ball, location: 2F
1-2: Foul Ball, location: 2F
1-2: SOLO HOME RUN (Line Drive, 7D), Distance : 359 ft
Batting: SHB Lee Oliver 0-0: Called Strike
0-1: Ball
1-1: Foul Ball, location: 2F
1-2: Foul Ball, location: 2F
1-2: Strikes out swinging
Batting: RHB Billy Gray 0-0: Ball
1-0: Fly out, F8 (Flyball, 89M)
Bottom of the 5th over - 1 run(s), 1 hit(s), 0 error(s), 0 left on base; Tacoma HS 8 - Oklahoma City HS 5
TOP OF THE 6TH
Tacoma HS Torchmen batting - Pitching for Oklahoma City HS Magicians : RHP Mike Giles
Batting: RHB Dexter Wooten 0-0: Ball
1-0: Ball
2-0: Ball
3-0: Base on Balls
Pitching: RHP Ray Holmes
Batting: RHB Cristián Ortega 0-0: Ball
1-0: Ball
2-0: Ball
3-0: Base on Balls
Dexter Wooten to second
Batting: RHB Dave MacGruder 0-0: Ball
1-0: SINGLE (Groundball, 6MD)
Dexter Wooten to third
Cristián Ortega to second
Batting: RHB Ray Bray 0-0: Ball
1-0: Ball
2-0: Called Strike
2-1: Called Strike
2-2: Ball
3-2: Foul Ball, location: 2F
3-2: Foul Ball, location: 2F
3-2: Base on Balls
Dexter Wooten scores
Cristián Ortega to third
Dave MacGruder to second
Batting: RHB Millard Ferguson 0-0: Ball
1-0: Fly out, F3 (Popup, 3L)
Batting: RHB Edison Jones 0-0: Ball
1-0: Ball
2-0: Ball
3-0: Called Strike
3-1: Called Strike
3-2: Fly out, F7 (Flyball, 7LSF)
Runner from 3rd tags up, SCORES, no throw
Batting: RHB Steve Gómez 0-0: Called Strike
0-1: Ball
1-1: Called Strike
1-2: Strikes out swinging
Top of the 6th over - 2 run(s), 1 hit(s), 0 error(s), 2 left on base; Tacoma HS 10 - Oklahoma City HS 5
BOTTOM OF THE 6TH
Oklahoma City HS Magicians batting - Pitching for Tacoma HS Torchmen : RHP Loren Parker
Pitching: RHP Dax Green
Batting: RHB Jeffrey Ball 0-0: Called Strike
0-1: Called Strike
0-2: Foul Ball, location: 2F
0-2: Ball
1-2: SINGLE (Groundball, 25) (infield hit)
Batting: LHB Andrew Chambers 0-0: Ball
1-0: Swinging Strike
1-1: Foul Ball, location: 2F
1-2: Ball
2-2: Strikes out swinging
Batting: LHB Fletcher White 0-0: Called Strike
0-1: Called Strike
Jeffrey Ball steals 2nd base
0-2: Strikes out swinging
Batting: RHB Pat Simms 0-0: SINGLE (Flyball, 9LM)
Jeffrey Ball to third
Runner from 3rd tries for Home, SAFE, no throw
Batting: RHB Darrell Krieger 0-0: Ball
1-0: Ball
2-0: Called Strike
2-1: Ball
3-1: Swinging Strike
3-2: Ground out 5-3 (Groundball, 56)
Bottom of the 6th over - 1 run(s), 2 hit(s), 0 error(s), 1 left on base; Tacoma HS 10 - Oklahoma City HS 6
TOP OF THE 7TH
Tacoma HS Torchmen batting - Pitching for Oklahoma City HS Magicians : RHP Ray Holmes
Batting: LHB Terry Ives 0-0: Ball
1-0: Ball
2-0: Ball
3-0: Called Strike
3-1: Swinging Strike
3-2: Foul Ball, location: 2F
3-2: Base on Balls
Batting: RHB Bill Cross 0-0: Ball
1-0: Ball
2-0: SINGLE (Line Drive, 56)
Terry Ives to second
Batting: RHB Dexter Wooten 0-0: Swinging Strike
0-1: Ball
1-1: Foul Ball, location: 2F
1-2: Strikes out swinging
Batting: RHB Cristián Ortega 0-0: Foul Ball, location: 2F
0-1: Ball
1-1: Ball
2-1: SINGLE (Line Drive, 8RS)
Terry Ives to third
Bill Cross to second
Batting: RHB Dave MacGruder 0-0: Called Strike
0-1: Ball
1-1: Grounds into double play, 1-2-3 (Groundball, 13S)
Top of the 7th over - 0 run(s), 2 hit(s), 0 error(s), 2 left on base; Tacoma HS 10 - Oklahoma City HS 6
BOTTOM OF THE 7TH
Oklahoma City HS Magicians batting - Pitching for Tacoma HS Torchmen : RHP Dax Green
Batting: LHB Geoff May 0-0: Called Strike
0-1: Ball
1-1: Ball
2-1: Ball
3-1: Called Strike
3-2: Strikes out swinging
Batting: RHB Curt O'Brian 0-0: Foul Ball, location: 2F
0-1: Ball
1-1: Ball
2-1: Ball
3-1: Fly out, F3 (Popup, 3S)
Batting: SHB Lee Oliver 0-0: Ground out 4-3 (Groundball, 34)
Bottom of the 7th over - 0 run(s), 0 hit(s), 0 error(s), 0 left on base; Tacoma HS 10 - Oklahoma City HS 6
TOP OF THE 8TH
Tacoma HS Torchmen batting - Pitching for Oklahoma City HS Magicians : RHP Ray Holmes
Pitching: RHP Ray Pérez
Batting: RHB Ray Bray 0-0: Ball
1-0: SOLO HOME RUN (Flyball, 7LD), Distance : 334 ft
Batting: RHB Millard Ferguson 0-0: Foul Ball, location: 2F
0-1: Ball
1-1: Foul Ball, location: 2F
1-2: Strikes out swinging
Batting: RHB Edison Jones 0-0: Foul Ball, location: 2F
0-1: Foul Ball, location: 2F
0-2: Ball
1-2: Ball
2-2: Fly out, F8 (Flyball, 8RD)
Batting: RHB Steve Gómez 0-0: Swinging Strike
0-1: Ball
1-1: Ground out 4-3 (Groundball, 4M)
Top of the 8th over - 1 run(s), 1 hit(s), 0 error(s), 0 left on base; Tacoma HS 11 - Oklahoma City HS 6
BOTTOM OF THE 8TH
Oklahoma City HS Magicians batting - Pitching for Tacoma HS Torchmen : RHP Dax Green
Now in LF: Geoffrey Poole
Batting: RHB Billy Gray 0-0: Ball
1-0: Swinging Strike
1-1: Ball
2-1: Ball
3-1: Foul Ball, location: 2F
3-2: Foul Ball, location: 2F
3-2: Base on Balls
Batting: RHB Jeffrey Ball 0-0: Called Strike
0-1: Hit by Pitch
Billy Gray to second
Batting: LHB Andrew Chambers 0-0: Called Strike
0-1: Reached on error, E4 (Groundball, 4)
Billy Gray to third
Jeffrey Ball to second
Pitching: LHP Glenn O'Rourke
Batting: LHB Fletcher White 0-0: Foul Ball, location: 2F
0-1: Foul Ball, location: 2F
0-2: Ball
1-2: Ball
Wild Pitch!
Billy Gray scores
Jeffrey Ball to third
Andrew Chambers to second
2-2: Foul Ball, location: 2F
2-2: Strikes out swinging
Pitching: RHP Steve Woods
Batting: RHB Pat Simms 0-0: Called Strike
0-1: Foul Ball, location: 2F
0-2: Ball
1-2: SINGLE (Groundball, 56S) (infield hit)
Jeffrey Ball scores
Andrew Chambers to third
Batting: RHB Darrell Krieger 0-0: Foul Ball, location: 2F
0-1: Called Strike
0-2: Foul Ball, location: 2F
0-2: Ball
1-2: SINGLE (Groundball, 6MD)
Andrew Chambers scores
Pat Simms to second
Pitching: LHP Héctor Rodríguez
Batting: LHB Geoff May 0-0: Called Strike
0-1: DOUBLE (Line Drive, 9LM)
Pat Simms scores
Darrell Krieger to third
Pitching: RHP Mike Fitzpatrick
Batting: RHB Curt O'Brian 0-0: Swinging Strike
0-1: Ball
1-1: Called Strike
1-2: Strikes out looking
Pitching: LHP John Roe
Batting: SHB Lee Oliver 0-0: Ball
1-0: Ball
2-0: SINGLE (Flyball, 78S)
Darrell Krieger scores
Geoff May to third
Runner from 3rd tries for Home, SAFE, no throw
Batting: RHB Billy Gray 0-0: Called Strike
0-1: Ball
1-1: Ball
2-1: Foul Ball, location: 2F
2-2: Fly out, F8 (Flyball, 8RD)
Bottom of the 8th over - 6 run(s), 4 hit(s), 1 error(s), 1 left on base; Tacoma HS 11 - Oklahoma City HS 12
TOP OF THE 9TH
Tacoma HS Torchmen batting - Pitching for Oklahoma City HS Magicians : RHP Ray Pérez
Pitching: RHP Clifford Sullivan
Batting: LHB Terry Ives 0-0: Ball
1-0: Foul Ball, location: 2F
1-1: Ball
2-1: Swinging Strike
2-2: Ball
3-2: Strikes out looking
Pinch Hitting: LHB Larry Estes 0-0: Swinging Strike
0-1: Foul Ball, location: 2F
0-2: Ball
1-2: Strikes out swinging
Pinch Hitting: RHB Harold Allen 0-0: Ball
1-0: Ball
2-0: Ball
3-0: Called Strike
3-1: Swinging Strike
3-2: Base on Balls
Batting: RHB Cristián Ortega 0-0: Foul Ball, location: 2F
0-1: Called Strike
0-2: Ground out 4-3 (Groundball, 34)
Top of the 9th over - 0 run(s), 0 hit(s), 0 error(s), 1 left on base; Tacoma HS 11 - Oklahoma City HS 12
Thursday, March 30th, 2017 - OOTP Baseball 17.12 Build 75